 Dungeon Crawl Stone Soup version 0.29-a0-378-gc08b2e8bf8 (webtiles) character file.

Game seed: 6470250332658685577

3591 KristoblXynda the Grappler (level 9, -10/74 HPs)
             Began as a Troll Hedge Wizard on May 5, 2022.
             Was a Believer of Cheibriados.
             Mangled by a two-headed ogre
             ... wielding a +0 giant spiked club
              (11 damage)
             ... on level 9 of the Dungeon.
             The game lasted 00:08:24 (7811 turns).

KristoblXynda the Grappler (Troll Hedge Wizard)     Turns: 7811, Time: 00:08:24

Health: -10/74     AC:  7    Str: 25    XL:     9   Next: 85%
Magic:  11/11      EV: 11    Int: 19    God:    Cheibriados [**....]
Gold:   125        SH:  0    Dex: 14    Spells: 11/12 levels left

rFire   . . .      SeeInvis .     - Unarmed
rCold   . . .      Faith    .   (no shield)
rNeg    . . .      Spirit   .   i - +2 robe {Will+}
rPois   .          Reflect  .   c - +0 hat
rElec   .          Harm     .   g - +0 cloak
rCorr   .          Rampage  .   (gloves unavailable)
Will    +....                   (boots unavailable)
Stlth   ++........              (no amulet)
HPRegen 1.02/turn               (no ring)
MPRegen 0.12/turn               (no ring)

@: slowed, very slow
A: large, unfitting armour, claws 3, regeneration 1, shaggy fur 1, tough skin 1
a: Renounce Religion, Bend Time


You were on level 9 of the Dungeon.
You worshipped Cheibriados.
Cheibriados was pleased with you.
You visited 2 branches of the dungeon, and saw 10 of its levels.

You collected 307 gold pieces.
You spent 182 gold pieces at shops.

Inventory:

Armour
 c - a +0 hat (worn)
 g - a +0 cloak (worn)
 i - a +2 robe of willpower (worn)
Jewellery
 A - a ring of magical power
Wands
 u - a wand of paralysis (5)
Scrolls
 k - 4 scrolls of teleportation
 l - 2 scrolls of fear
 p - 5 scrolls of magic mapping
 q - a scroll of enchant armour {unknown}
 r - a scroll of immolation {unknown}
 t - a scroll of amnesia
 v - a scroll of brand weapon {unknown}
 y - a scroll of fog {unknown}
Potions
 a - 4 potions of heal wounds
 b - 2 potions of curing
 d - a potion of magic
 e - a potion of flight {unknown}
 h - a potion of invisibility {unknown}
 j - a potion of cancellation {unknown}
 m - 2 potions of attraction {unknown}
 n - 2 potions of might
 o - 2 potions of mutation {unknown}
 s - 4 potions of ambrosia
 w - a potion of haste {unknown}
 x - a potion of resistance {unknown}
 z - a potion of degeneration {unknown}


   Skills:
 + Level 4.2 Dodging
 - Level 1.0 Stealth
 + Level 11.0 Unarmed Combat
 - Level 2.0 Spellcasting
 + Level 5.6 Conjurations
 - Level 0.6 Summonings
 - Level 0.6 Translocations


You had 11 spell levels left.
You knew the following spells:

 Your Spells              Type           Power      Damage    Failure   Level
a - Magic Dart            Conj           92%        1d7       1%          1

Your spell library contained the following spells:

 Spells                   Type           Power      Damage    Failure   Level
 Conjure Flame            Conj/Fire      12%        6-21      16%         3
 Slow                     Hex            4%         N/A       17%         1
 Blink                    Tloc           8%         N/A       21%         2
 Call Imp                 Summ           4%         N/A       21%         2
 Mephitic Cloud           Conj/Pois/Air  9%         N/A       24%         3
 Frozen Ramparts          Ice            2%         1d2       45%         3
 Ozocubu's Armour         Ice            1%         N/A       45%         3
 Summon Ice Beast         Ice/Summ       3%         N/A       83%         4
 Ice Form                 Ice/Tmut       1%         N/A       86%         4
 Ozocubu's Refrigeration  Ice            0%         4d5       100%        7


Dungeon Overview and Level Annotations

Branches:
Dungeon (9/15)             Temple (1/1) D:5             Orc (0/2) D:9
   Lair: D:8-11

Altars:
Ashenzari
Cheibriados
Dithmenos
Elyvilon
Fedhas
Gozag
Hepliaklqana
Kikubaaqudgha
Makhleb
Nemelex Xobeh
Okawaru
Qazlal
Ru
Sif Muna
Trog
Uskayaw
Vehumet
Wu Jian
Xom
Yredelemnul
Zin
The Shining One

Shops:
D:5 (!*[

Portals:
Bailey: D:9


Innate Abilities, Weirdness & Mutations

You are too large for most types of armour.
You have claws for hands.
Your natural rate of healing is unusually fast.
You are covered in fur. (AC +1)
You have tough skin. (AC +1)


Message History

The wraith is severely damaged.
The wraith hits you! The wraith drains your vigour!
You feel as though you will be slow longer.
A gnoll shaman comes into view. It is wielding a +0 whip.
A two-headed ogre comes into view.
It is wielding a +0 giant spiked club and a +0 giant club.
An orc comes into view. It is wielding a +0 club.
You barely miss the wraith.
The wraith is severely damaged.
The orc shouts!
You hear a shout!
The wraith hits you.
An orc comes into view. It is wielding a +0 dagger.
Unknown command.
You completely miss the wraith.
The wraith is severely damaged.
The wraith hits you. The wraith drains your vigour!
You feel as though you will be slow longer.
You closely miss the wraith.
The wraith is severely damaged.
The gnoll shaman shouts!
You hear a bellow!
The wraith hits you.
You mangle the wraith!!
You destroy the wraith!
Cheibriados appreciates the change of pace.
Your Unarmed Combat skill increases to level 11!
The gnoll shaman calls upon its god to speed up something.
You hear a shout!
You claw the two-headed ogre!
The two-headed ogre is moderately wounded.
The orc barely misses you.
The two-headed ogre hits you with a +0 giant spiked club!
The two-headed ogre barely misses you.
You mangle the two-headed ogre!! You claw the two-headed ogre.
The two-headed ogre is severely wounded.
A gnoll comes into view. It is wielding a +0 spear.
The orc priest mumbles some strange prayers to Beogh against you.
Beogh smites you! The orc hits you with a +0 club.
The two-headed ogre hits you with a +0 giant spiked club!!
* * * LOW HITPOINT WARNING * * *
The two-headed ogre hits you with a +0 giant club!
You die...

,,,,,,,,...≈>∩.≈.......,,,,,,,,,,
,,>,,,,,...≈ggg≈......#*,********
,,,,,,,,.g.≈≈≈≈≈......#*,*
,,,,,,,,...o..........#*.#
,,,,,,,,..............##.##
,,,,,,,,.....g............#
,,,,,,,,..................#******
,,,,,,,,.......o...........,,,,,,
,,,,,,,,......oO@.........*******
,,,,,,,,l.).##.##.........,,,,,,,
^,,,,,,,...*#..,##...######******
,,,,,,,,.,*#...,,##........,*
,,,,,,,,,,#....,,,#..######.*****
,,,,,,,,,,#..._,,,#.........,,,,,
,,,,,,,,,,#....,,,#....##.#,****,
,,,,,,,,,,**,,,,,##....###*,* *,
,,,,,,,,.,,**,,,##....!....,* *,


You could see a two-headed ogre, a gnoll shaman, an orc priest, a gnoll, 2 orcs
and 3 goblins.

Vanquished Creatures
  A cyclops (D:8)
  A manticore (D:7)
  Grinder (D:5)
  Sigmund (D:2)
  A wraith (D:9)
  A steam dragon (D:8)
  A water moccasin (D:5)
  An orc warrior (D:6)
  A sky beast (D:7)
  2 black bears
  3 centaurs
  4 ogres
  2 kobold brigands
  3 bullfrogs
  A gnoll sergeant (D:6)
  2 scorpions
  2 howler monkeys
  A gnoll shaman (D:8)
  2 hounds
  3 orc wizards
  3 iguanas (D:5)
  Robin (D:3)
  12 gnolls
  5 adders
  A shadow imp (D:6)
  2 white imps
  An ufetubus (D:6)
  A worm (D:3)
  4 dart slugs
  16 orcs
  4 bats
  4 endoplasms
  3 giant cockroaches
  20 goblins
  8 hobgoblins
  16 jackals
  2 quokkas (D:1)
  11 ball pythons
  3 frilled lizards (D:1)
  17 kobolds
  6 rats
174 creatures vanquished.

Notes
Turn   | Place    | Note
-------+----------+-------------------------------------------
     0 | D:1      | KristoblXynda the Troll Hedge Wizard began the quest for
                  | the Orb.
     0 | D:1      | Reached XP level 1. HP: 16/16 MP: 2/2
    99 | D:1      | Reached skill level 1 in Unarmed Combat
   104 | D:1      | Reached XP level 2. HP: 20/24 MP: 4/4
   161 | D:1      | Reached skill level 2 in Unarmed Combat
   492 | D:1      | Reached skill level 1 in Conjurations
   492 | D:1      | Reached XP level 3. HP: 30/31 MP: 5/5
   874 | D:2      | Found a shadowy altar of Dithmenos.
   920 | D:2      | Reached skill level 3 in Unarmed Combat
  1096 | D:2      | Reached XP level 4. HP: 39/39 MP: 6/6
  1242 | D:2      | Noticed Sigmund
  1251 | D:2      | Identified a scroll of acquirement
  1251 | D:2      | Acquired a staff of fire
  1276 | D:2      | Killed Sigmund
  1277 | D:2      | Reached skill level 5 in Unarmed Combat
  1277 | D:2      | Reached XP level 5. HP: 13/45 MP: 7/7
  1693 | D:3      | Noticed Robin
  1706 | D:3      | Killed Robin
  1707 | D:3      | Reached XP level 6. HP: 50/53 MP: 8/8
  1785 | D:3      | Reached skill level 6 in Unarmed Combat
  2382 | D:4      | Reached skill level 7 in Unarmed Combat
  3148 | D:5      | Entered Level 5 of the Dungeon
  3148 | D:5      | Noticed Grinder
  3148 | D:5      | Found Pobboj's Weapon Emporium.
  3169 | D:5      | Killed Grinder
  3170 | D:5      | Reached skill level 8 in Unarmed Combat
  3170 | D:5      | Reached XP level 7. HP: 48/59 MP: 9/9
  3255 | D:5      | Found Maxem's Distillery.
  3302 | D:5      | Found a staircase to the Ecumenical Temple.
  3314 | Temple   | Entered the Ecumenical Temple
  3640 | Temple   | Became a worshipper of Cheibriados the Contemplative
  3675 | D:5      | Found Cyippuwn's General Store.
  3687 | D:5      | Found Yborreg's Armour Shop.
  3821 | D:5      | Reached XP level 8. HP: 23/67 MP: 10/10
  3890 | D:5      | Bought a potion of heal wounds for 70 gold pieces
  3890 | D:5      | Bought a potion of heal wounds for 70 gold pieces
  3890 | D:5      | Bought a potion of curing for 42 gold pieces
  4072 | D:6      | Reached skill level 9 in Unarmed Combat
  4524 | D:5      | Reached * piety under Cheibriados
  5479 | D:6      | Paralysed by a centaur for 6 turns
  5487 | D:6      | HP: 3/67 [gnoll/+0 vorpal spear[a gnoll sergeant] (2)]
  5508 | D:6      | Reached skill level 10 in Unarmed Combat
  5631 | D:7      | Noticed a manticore
  5641 | D:7      | Killed a manticore
  5642 | D:7      | Reached XP level 9. HP: 11/74 MP: 11/11
  6465 | D:7      | Reached ** piety under Cheibriados
  6490 | D:7      | Reached skill level 5 in Conjurations
  6863 | D:8      | Noticed a cyclops
  6871 | D:8      | Killed a cyclops
  7797 | D:9      | Found an iron altar of Okawaru.
  7797 | D:9      | Found a flagged portal.
  7804 | D:9      | Noticed a two-headed ogre
  7809 | D:9      | Reached skill level 11 in Unarmed Combat
  7811 | D:9      | HP: 1/74 [two-headed ogre/+0 giant spiked club (24)]
  7811 | D:9      | Mangled by a two-headed ogre

Illustrated notes

Levels and vault maps discovered:
D:1:      dpeg_arrival_boxorama, layout_basic, wad_floor_pattern_1
D:2:      minmay_chambers_of_ones, layout_basic, basic_altar, uniq_sigmund
D:3:      layout_rooms, uniq_robin
D:4:      layout_basic, minmay_ogre_servants
D:5:      layout_rooms, minmay_temple_entry_wispy, serial_shops, shop,
          nicolae_shop_bloodbath_and_beyond, nicolae_lakefront_shop, shop,
          sigmund_army, uniq_grinder
D:6:      layout_basic
D:7:      layout_cave_pods
D:8:      layout_basic, serial_co_window_serial, co_window_of_opportunity_a,
          co_window_paths_b, co_window_of_opportunity_a, co_window_paths_b,
          co_window_paths_a, co_window_unsneaky_path_e, co_window_corner_b,
          co_window_2corner, co_window_2corner, co_window_4corner_a,
          co_window_paths_e
D:9:      layout_basic, lemuel_round_altar, david_orc_3, enter_bailey_5,
          nicolae_figureground_pulse
Temple:   nicolae_temple_the_god_donut

Skill      XL: |  1  2  3  4  5  6  7  8  9 |
---------------+----------------------------+-----
Unarmed Combat | 1 2 3 5 8 10 11 | 11.0
Conjurations   | 1 2 4 5 |  5.6
Dodging        | 2 4 |  4.2
Stealth        | |  1.0
Spellcasting   | |  2.0
Summonings     | |  0.6
Translocations | |  0.6

Action                   |  1- 3 |  4- 6 |  7- 9 || total
-------------------------+-------+-------+-------++-------
Melee: Unarmed           |   115 |   168 |   238 ||   521
       Punch             |       |     8 |    17 ||    25
  Use: Scroll            |       |     4 |     7 ||    11
       Potion            |       |     2 |     1 ||     3
 Stab: Sleeping          |       |       |     3 ||     3
Armor: Robe              |    53 |    80 |   107 ||   240
Dodge: Dodged            |    63 |    65 |   142 ||   270

Table legend: (Time is in decaauts)
 A = Elapsed time spent in this place.
 B = Non-inter-level travel time spent in this place.
 C = Inter-level travel time spent in this place.
 D = Time resting spent in this place.
 E = Time spent auto-exploring this place.
 F = Levels seen in this place.
 G = Mean time per level.
                   A        B        C        D        E       F      G
               +--------+--------+--------+--------+--------+-----+--------+
         Total |   8880 |   8417 |    463 |   1451 |   5642 |  10 |  888.0 |
       Dungeon |   8545 |   8082 |    463 |   1451 |   5422 |   9 |  949.4 |
        Temple |    335 |    335 |      0 |      0 |    220 |   1 |  335.0 |
               +--------+--------+--------+--------+--------+-----+--------+

Top non-repeatable levels by time:
     D:8: 1586 daAuts
     D:5: 1415 daAuts
     D:7: 1360 daAuts
     D:6: 1021 daAuts
     D:4: 1001 daAuts
     D:1: 851 daAuts
     D:2: 789 daAuts
     D:3: 483 daAuts
  Temple: 335 daAuts
     D:9: 37 daAuts
